 Dungeon Crawl Stone Soup version 0.30-a0-341-g682706514a (webtiles) character file.

Game seed: 14720344777064878050

13317 Ijustatesigmund the Demolition Demonspawn (level 11, -1/83 HPs)
             Began as a Demonspawn Fire Elementalist on Nov 4, 2022.
             Was an Elder of Makhleb.
             Slain by a red devil
             ... wielding a +0 trident
              (12 damage)
             ... on level 11 of the Dungeon.
             The game lasted 00:58:57 (14445 turns).

Ijustatesigmund the Demolition Demonspawn (DsFE)   Turns: 14445, Time: 00:58:57

Health: -1/83      AC: 11    Str: 13      XL:     11   Next: 74%
Magic:  36/37      EV: 11    Int: 19      God:    Makhleb [****..]
Gold:   605        SH:  5    Dex: 12 (13) Spells: 8/19 levels left

rFire   . . .      SeeInvis .    g - +1 flail (protect)
rCold   . . .      Faith    .    F - +1 buckler
rNeg    + . .      Spirit   .    n - +0 steam dragon scales
rPois   .          Reflect  .    (helmet restricted)
rElec   .          Harm     .    (no cloak)
rCorr   .          Rampage  .    s - +1 pair of gloves "Veykhluj" {rN+ MP+9}
Will    .....                    E - +2 pair of boots {Fly}
Stlth   ++++......               d - amulet of the acrobat
HPRegen 0.33/turn                z - ring of Shadows {Umbra +Inv Stlth+}
MPRegen 0.25/turn                H - ring of magical power

@: about to teleport, spiked, flying, wreathed by umbra, unable to read
A: antennae 1, demonic magic 3, weakness stinger 2, demonic touch 1, strong 1,
inability to read after injury 1
a: Renounce Religion, Evoke Invisibility, Minor Destruction, Lesser Servant of
Makhleb, Major Destruction


You were on level 11 of the Dungeon.
You worshipped Makhleb.
Makhleb was greatly pleased with you.
You visited 2 branches of the dungeon, and saw 14 of its levels.
You also visited: Bailey.

You collected 605 gold pieces.

Inventory:

Hand Weapons
 a - a +2 broad axe of flaming
 g - a +1 flail of protection (weapon)
 y - a +0 vampiric dagger
Missiles
 v - 8 poisoned darts
 C - 2 throwing nets
Armour
 n - +0 steam dragon scales (worn)
 s - the +1 pair of gloves "Veykhluj" (worn) {rN+ MP+9}
   (You found it on level 3 of the Dungeon)

   rN:        It protects you from negative energy.
   MP:        It affects your magic capacity (+9).
 E - a +2 pair of boots of flying (worn)
 F - a +1 buckler (worn)
Magical Staves
 B - a staff of conjuration
 D - a staff of death
Jewellery
 d - an amulet of the acrobat (around neck)
 o - a ring of flight
 r - a ring of see invisible
 z - the ring of Shadows (left hand) {Umbra +Inv Stlth+}
   (You took it off a kobold in a bailey)

   [ring of stealth]

   It surrounds you with an aura of shadow, increasing your stealth and reducing
   the accuracy of all others within it.
   +Inv:      It lets you turn invisible.
   Stlth:     It makes you more stealthy.
 H - a ring of magical power (right hand)
 L - the ring "Ciyl" {rC+ MP+9 Dex+3 Slay-3}
   (You found it on level 10 of the Dungeon)

   [ring of magical power]

   Dex:       It affects your dexterity (+3).
   Slay:      It affects your accuracy & damage with ranged weapons and melee
   (-3).
   rC:        It protects you from cold.
   MP:        It affects your magic capacity (+9).
Wands
 t - a wand of flame (14)
 w - a wand of mindburst (2)
 G - a wand of quicksilver (1)
 M - a wand of iceblast (6)
 N - a wand of charming (1)
Scrolls
 e - 2 scrolls of immolation
 i - 3 scrolls of teleportation
 j - 2 scrolls of fear
 l - a scroll of silence {unknown}
 m - a scroll of magic mapping
 K - 2 scrolls of noise
 O - a scroll of blinking
 P - a scroll of poison
Potions
 b - a potion of berserk rage
 c - 3 potions of lignification
 f - 4 potions of flight
 h - a potion of heal wounds
 k - 2 potions of brilliance
 p - 5 potions of might
 q - 4 potions of curing
 u - a potion of resistance {unknown}
 x - a potion of magic
 A - 3 potions of attraction
 I - a potion of mutation
 J - 2 potions of haste


   Skills:
 + Level 6.7 Fighting
 + Level 4.1 Maces & Flails
 + Level 3.3 Armour
 - Level 1.7 Dodging
 - Level 1.7 Stealth
 - Level 3.0 Shields
 - Level 4.9 Spellcasting
 - Level 8.4 Conjurations
 - Level 8.2 Fire Magic
 - Level 11.1 Invocations
 + Level 5.1 Evocations


You had 8 spell levels left.
You knew the following spells:

 Your Spells              Type           Power      Damage    Failure   Level
a - Foxfire               Conj/Fire      100%       2x1d9     1%          1
b - Scorch                Fire           72%        2d9       1%          2
c - Flame Wave            Conj/Fire      36%        2d10      5%          4
d - Sticky Flame          Conj/Fire      36%        2d6       5%          4

Your spell library contained the following spells:

 Spells                   Type           Power      Damage    Failure   Level
 Kiss of Death            Conj/Necr      80%        2d11      3%          1
 Inner Flame              Hex/Fire       20%        N/A       9%          3
 Ignite Poison            Fire/Tmut/Pois 15%        N/A       16%         3
 Kindle Blastsparks       Fire/Tloc/Air  30%        2d12      16%         3
 Mephitic Cloud           Conj/Pois/Air  15%        N/A       16%         3
 Slow                     Hex            16%        N/A       17%         1
 Cigotuvi's Dreadful Rot  Necr/Pois/Air  8%         N/A       26%         2
 Poisonous Vapours        Pois/Air       8%         N/A       26%         2
 Fulminant Prism          Conj/Hex       10%        3d8       28%         4
 Iskenderun's Mystic Bla  Conj/Tloc      20%        2d6       28%         4
 Call Canine Familiar     Summ           4%         N/A       45%         3
 Confusing Touch          Hex            4%         N/A       45%         3
 Portal Projectile        Hex/Tloc       8%         N/A       45%         3
 Summon Guardian Golem    Hex/Summ       4%         N/A       45%         3
 Tukima's Dance           Hex            4%         N/A       45%         3
 Vampiric Draining        Necr           4%         2d6       45%         3
 Vhi's Electric Charge    Tloc/Air       8%         N/A       45%         3
 Arcjolt                  Conj/Air       10%        1d20      63%         5
 Dispel Undead            Necr           4%         3d7       86%         4
 Leda's Liquefaction      Hex/Erth       2%         N/A       86%         4
 Passage of Golubria      Tloc           4%         N/A       86%         4
 Lee's Rapid Deconstruct  Erth           2%         3d4*      99%         5
 Yara's Violent Unravell  Hex/Tmut       2%         3d3       99%         5
 Orb of Destruction       Conj           18%        9d8       99%         7
 Spellforged Servitor     Conj/Summ      10%        N/A       100%        7
 Ignition                 Fire           18%        3d7       100%        8
 Maxwell's Capacitive Co  Air            2%         ∞         100%        8


Dungeon Overview and Level Annotations

Branches:
Dungeon (13/15)            Temple (1/1) D:4            Lair (0/5) D:10
    Orc (0/2) D:9          Bailey (visited)
 Vaults: D:13-14

Altars:
Ashenzari
Cheibriados
Dithmenos
Fedhas
Gozag
Hepliaklqana
Kikubaaqudgha
Makhleb
Nemelex Xobeh
Okawaru
Qazlal
Ru
Sif Muna
Trog
Uskayaw
Vehumet
Wu Jian
Xom
Yredelemnul

Annotations:
D:7 1 runed translucent door, highc0's ghost, novice KoEn


Innate Abilities, Weirdness & Mutations

You have a pair of small antennae on your head.
Spells you cast and wands you use may paralyse nearby enemies.
You have a tail ending in a sharp stinger.
Your touch may inflict minor irresistible damage on your foes.
Your muscles are strong. (Str +4, Int/Dex -1)
You occasionally lose the ability to read scrolls when taking damage.


Message History

Your quasit barely misses the red devil.
Your quasit claws the red devil but does no damage.
Your quasit misses the red devil.
The red devil hits you with a +0 trident!
* * * LOW HITPOINT WARNING * * *
Barbed spikes become lodged in your body.
Your quasit barely misses the red devil.
Your quasit misses the red devil.
Your quasit claws the red devil but does no damage.
As you read the scroll of teleportation, it crumbles to dust.
You feel strangely unstable.
Your quasit bites the red devil.
Your quasit claws the red devil but does no damage. x2
The red devil hits you with a +0 trident.
* * * LOW HITPOINT WARNING * * *
Barbed spikes become lodged in your body.
The barbs in your skin will harm you if you move.
Continue?
The barbed spikes dig painfully into your body as you move.
* * * LOW HITPOINT WARNING * * *
Your quasit closely misses the red devil.
Your quasit misses the red devil.
Your quasit closely misses the red devil.
The red devil misses you.
Your quasit bites the red devil but does no damage.
Your quasit closely misses the red devil.
Your quasit misses the red devil.
Okay, then.
The barbed spikes dig painfully into your body as you move.
* * * LOW HITPOINT WARNING * * *
Your quasit closely misses the red devil.
Your quasit barely misses the red devil.
Your quasit claws the red devil but does no damage.
It was a potion of mutation.
You feel extremely strange.
You feel stronger.
You occasionally lose the ability to read scrolls when taking damage.
Your quasit closely misses the red devil.
Your quasit completely misses the red devil.
Your quasit closely misses the red devil.
The red devil hits you from afar with a +0 trident!
You feel threatened and lose the ability to read scrolls!
You die...

... #.# ####.######
####'#### ..........#
#.......# ..........#
#.......### .....>....####
#..........
.......^.....###......####
......54..##...#.....##
..........####.'.....#
.........@# ###.....#
..........# #.....#
########### #####.# ...#
#.... .....# .##


You could see a red devil (ally target) and a friendly quasit (charmed).

Vanquished Creatures
  Harold (D:8)
  A deep elf pyromancer (D:12)
  An orc knight (Bailey)
  A cyclops (D:10)
  A smoke demon (D:10)
  An unseen horror (D:12)
  A rime drake (D:10)
  Maggie (D:7)
  A hellwing (D:11)
  2 trolls
  Grinder (D:5)
  Prince Ribbit (D:9)
  A shadow (D:10)
  A wraith (D:10)
  5 humans
  A wyvern (D:9)
  A basilisk (D:13)
  3 yaks (D:11)
  Grum (D:9)
  6 vampire mosquitoes
  2 acid dragons (D:10)
  10 orc warriors
  An ice beast (D:6)
  A sky beast (D:8)
  2 black bears
  4 centaurs
  4 ogres
  3 wolves
  2 phantoms (D:6)
  A kobold brigand (D:6)
  3 bullfrogs
  A necrophage (D:7)
  4 scorpions
  3 gnoll sergeants
  10 wights
  8 killer bees
  2 howler monkeys
  A crimson imp (D:11)
  2 quasits (D:11)
  3 jellies (D:5)
  7 orc priests
  6 hounds
  Terence (D:2)
  6 iguanas
  15 orc wizards
  Ijyb (D:3)
  11 gnolls
  11 adders
  A shadow imp (D:5)
  3 white imps
  An ufetubus (D:5)
  A worm (D:2)
  5 dart slugs
  41 orcs
  3 endoplasms
  4 giant cockroaches
  7 hobgoblins
  7 jackals
  16 kobolds
  5 quokkas
  5 ball pythons
  4 bats
  A frilled lizard (D:2)
  9 goblins
  3 rats
273 creatures vanquished.

Vanquished Creatures (collateral kills)
  An orc warrior (D:10)
  5 wights (D:10)
  3 killer bees (D:10)
9 creatures vanquished.

Vanquished Creatures (others)
  A rakshasa (D:10)
  A vampire mosquito (D:11)
  A demonic plant (D:11)
  717 foxfires
720 creatures vanquished.

Grand Total: 1002 creatures vanquished

Notes
Turn   | Place    | Note
-------+----------+-------------------------------------------
     0 | D:1      | Ijustatesigmund the Demonspawn Fire Elementalist began the
                  | quest for the Orb.
     0 | D:1      | Reached XP level 1. HP: 13/13 MP: 3/3
   400 | D:1      | Discovered your monstrous ancestry.
   400 | D:1      | Gained mutation: You have a small tail. [demonic ancestry]
   400 | D:1      | Reached XP level 2. HP: 20/20 MP: 1/5
   524 | D:1      | Reached skill level 1 in Fighting
   845 | D:1      | Reached XP level 3. HP: 26/26 MP: 1/6
  1096 | D:2      | Learned a level 2 spell: Scorch
  1619 | D:2      | Noticed Terence
  2043 | D:2      | Killed Terence
  2044 | D:2      | Gained mutation: Spells you cast may paralyse adjacent
                  | enemies. [demonic ancestry]
  2044 | D:2      | Reached XP level 4. HP: 21/32 MP: 7/7
  2537 | D:3      | Identified the +1 pair of gloves "Veykhluj" {rN+ MP+9}
  2623 | D:3      | Found a faded altar of an unknown god.
  2907 | D:3      | Noticed Ijyb
  2917 | D:3      | Killed Ijyb
  3137 | D:4      | Found a staircase to the Ecumenical Temple.
  3154 | Temple   | Entered the Ecumenical Temple
  3287 | Temple   | Became a worshipper of Makhleb the Destroyer
  3395 | D:4      | Reached XP level 5. HP: 36/37 MP: 9/9
  3454 | D:4      | Reached skill level 1 in Maces & Flails
  3456 | D:4      | Reached skill level 1 in Invocations
  3671 | D:4      | Noticed an ogre
  3678 | D:4      | Killed an ogre
  3679 | D:4      | Reached skill level 2 in Invocations
  3679 | D:4      | Gained mutation: Your touch may inflict minor irresistible
                  | damage on your foes. [demonic ancestry]
  3679 | D:4      | Reached XP level 6. HP: 43/43 MP: 10/10
  3801 | D:5      | Entered Level 5 of the Dungeon
  3801 | D:5      | Noticed Grinder
  4069 | D:5      | Killed Grinder
  4070 | D:5      | Reached skill level 3 in Invocations
  4070 | D:5      | Reached XP level 7. HP: 50/50 MP: 11/11
  4221 | D:5      | Reached skill level 4 in Invocations
  4582 | D:5      | Reached skill level 5 in Fire Magic
  4582 | D:5      | Reached skill level 1 in Evocations
  4744 | D:5      | Reached skill level 5 in Invocations
  4744 | D:5      | Gained mutation: You have a tail ending in a sharp stinger.
                  | [demonic ancestry]
  4744 | D:5      | Reached XP level 8. HP: 25/57 MP: 12/12
  4789 | D:5      | HP: 2/57 [gnoll sergeant/+0 trident (11)]
  4822 | D:5      | Reached * piety under Makhleb
  5093 | D:5      | Reached skill level 5 in Conjurations
  5202 | D:5      | Noticed a troll
  5221 | D:5      | Killed a troll
  5222 | D:5      | Reached skill level 6 in Invocations
  5329 | D:5      | Learned a level 4 spell: Flame Wave
  5570 | D:5      | Learned a level 4 spell: Sticky Flame
  5776 | D:5      | Gained mutation: You have a pair of small antennae on your
                  | head. [demonic ancestry]
  5776 | D:5      | Reached XP level 9. HP: 61/64 MP: 14/14
  5826 | D:6      | Reached skill level 7 in Invocations
  6309 | D:6      | Reached ** piety under Makhleb
  6320 | D:6      | Reached skill level 1 in Armour
  7067 | D:6      | Found a bloodstained altar of Trog.
  7248 | D:7      | Found a flagged portal.
  7257 | Bailey   | Entered a bailey
  7375 | Bailey   | Noticed an orc knight
  7414 | Bailey   | Killed an orc knight
  7415 | Bailey   | Reached skill level 8 in Invocations
  7578 | Bailey   | Gained mutation: Spells you cast may paralyse nearby
                  | enemies. [demonic ancestry]
  7578 | Bailey   | Reached XP level 10. HP: 71/71 MP: 17/17
  8032 | D:7      | Reached skill level 1 in Shields
  8048 | D:7      | Reached *** piety under Makhleb
  8300 | D:7      | Found a runed translucent door.
  8470 | D:7      | Noticed Maggie
  8478 | D:7      | Killed Maggie
  8479 | D:7      | Reached skill level 9 in Invocations
  8620 | D:7      | Noticed highc0's ghost (novice KoEn)
  8749 | D:8      | Reached skill level 5 in Fighting
 10049 | D:9      | Noticed Harold
 10079 | D:8      | Killed Harold
 10080 | D:8      | Reached skill level 10 in Invocations
 10252 | D:9      | Noticed Grum
 10281 | D:9      | Noticed Prince Ribbit
 10289 | D:9      | Reached **** piety under Makhleb
 10297 | D:9      | Killed Prince Ribbit
 10780 | D:9      | Killed Grum
 10781 | D:9      | Gained mutation: Spells you cast and wands you use may
                  | paralyse nearby enemies. [demonic ancestry]
 10781 | D:9      | Reached XP level 11. HP: 76/80 MP: 18/18
 10908 | D:9      | Found a staircase to the Orcish Mines.
 11161 | D:10     | Entered Level 10 of the Dungeon
 11182 | D:10     | Found a hazy altar of Hepliaklqana.
 11183 | D:10     | Found a basalt altar of Yredelemnul.
 11210 | D:10     | Found a shadowy altar of Dithmenos.
 11418 | D:10     | Identified the ring "Ciyl" {rC+ MP+9 Dex+3 Slay-3}
 11526 | D:10     | Noticed a rakshasa
 11545 | D:10     | Reached skill level 11 in Invocations
 11605 | D:10     | Killed a rakshasa
 12065 | D:10     | Found a staircase to the Lair.
 13591 | D:11     | You are sucked into a shaft and drop 2 floors!
 13602 | D:13     | Noticed a boulder beetle
 13846 | D:12     | Noticed a deep elf pyromancer
 13867 | D:12     | Killed a deep elf pyromancer
 14048 | D:11     | Reached skill level 5 in Evocations
 14445 | D:11     | Gained mutation: Your muscles are strong. (Str +4, Int/Dex
                  | -1) [potion of mutation]
 14445 | D:11     | Gained mutation: You occasionally lose the ability to read
                  | scrolls when taking damage. [potion of mutation]
 14445 | D:11     | Slain by a red devil

Illustrated notes

Levels and vault maps discovered:
D:1:      dpeg_arrival_renting, layout_rooms, st_stairs_1
D:2:      layout_basic, uniq_terence
D:3:      layout_basic, ebering_ecumenical_altar_rust, uniq_ijyb
D:4:      layout_basic, temple_statues
D:5:      kennysheep_windowed_halls, layout_basic, uniq_grinder
D:6:      layout_cave_pools, trog_antimagical, grunt_ministairs_12,
          minmay_ruffians
D:7:      layout_cave_pools, enter_bailey_6, ebering_ghost_reflecting_pool,
          uniq_maggie
D:8:      layout_loops_ring
D:9:      layout_basic, uniq_prince_ribbit1, uniq_grum, uniq_harold
D:10:     layout_stronghold, nicolae_dithmenos_shadow_blocks,
          mainiacjoe_overflow_catwalk_spiral, hellmonk_lair_entry_icy
D:11:     layout_roguey, serial_demonic, serial_demonic_e, serial_demonic_c,
          serial_demonic_c, serial_demonic_b, minmay_fire_ice_demons
D:12:     layout_long_grid, serial_shops, kennysheep_little_box,
          minmay_variable_closet, skrybe_limestone_x, minmay_misc_feat_pillars
D:13:     layout_layer_cave
Temple:   compressed_dpeg_circular_temple

Skill      XL: |  1  2  3  4  5  6  7  8  9 10 11 |
---------------+----------------------------------+-----
Fighting       | 1 2 3 4 5 6 |  6.7
Fire Magic     | 3 4 5 6 7 8 |  8.2
Conjurations   | 2 3 4 5 7 8 |  8.4
Maces & Flails | 1 2 4 |  4.1
Invocations    | 2 3 5 6 8 10 11 | 11.1
Evocations     | 1 2 3 5 |  5.1
Spellcasting   | 3 4 |  4.9
Armour         | 2 3 |  3.3
Shields        | 3 |  3.0
Dodging        | |  1.7
Stealth        | |  1.7

Action                   |  1- 3 |  4- 6 |  7- 9 | 10-12 || total
-------------------------+-------+-------+-------+-------++-------
Melee: Short sword       |    14 |       |       |       ||    14
       Tailslap          |     1 |     2 |     4 |    16 ||    23
       Flail             |       |    11 |    14 |   117 ||   142
       Touch             |       |     3 |     2 |       ||     5
 Cast: Foxfire           |    70 |    58 |   142 |   135 ||   405
       Scorch            |     2 |    15 |    89 |   242 ||   348
       Sticky Flame      |       |       |     1 |       ||     1
Invok: Minor Destruction |       |       |     1 |     1 ||     2
       Lesser Servant of |       |       |       |     4 ||     4
       Major Destruction |       |       |       |     1 ||     1
Evoke: Wand              |       |       |     9 |    19 ||    28
  Use: Scroll            |     4 |     3 |     6 |     5 ||    18
       Potion            |     1 |     2 |     4 |     5 ||    12
 Stab: Paralysed         |       |    10 |    10 |    36 ||    56
Armor: Robe              |     4 |     4 |    15 |     2 ||    25
       Steam dragon scal |       |       |       |    95 ||    95
       Leather armour    |       |       |       |    11 ||    11
Dodge: Dodged            |    29 |    34 |    96 |   282 ||   441
Block: Buckler           |       |       |       |   100 ||   100

Table legend: (Time is in decaauts)
 A = Elapsed time spent in this place.
 B = Non-inter-level travel time spent in this place.
 C = Inter-level travel time spent in this place.
 D = Time resting spent in this place.
 E = Time spent auto-exploring this place.
 F = Levels seen in this place.
 G = Mean time per level.
                   A        B        C        D        E       F      G
               +--------+--------+--------+--------+--------+-----+--------+
         Total |  14516 |  14278 |    238 |   4581 |   6749 |  15 |  967.7 |
       Dungeon |  13681 |  13455 |    226 |   4278 |   6549 |  13 | 1052.4 |
        Temple |    145 |    133 |     12 |      0 |     61 |   1 |  145.0 |
        Bailey |    689 |    689 |      0 |    303 |    139 |   1 |  689.0 |
               +--------+--------+--------+--------+--------+-----+--------+

Top non-repeatable levels by time:
    D:10: 2045 daAuts
     D:5: 1914 daAuts
     D:8: 1298 daAuts
     D:6: 1259 daAuts
     D:9: 1232 daAuts
     D:1: 1076 daAuts
     D:2: 1056 daAuts
     D:3: 980 daAuts
    D:11: 920 daAuts
     D:7: 797 daAuts
     D:4: 729 daAuts
  Bailey: 689 daAuts
    D:12: 234 daAuts
  Temple: 145 daAuts
    D:13: 138 daAuts
